[Event "*** Titled Tuesday Blitz"]
[Site "Chess.com"]
[Date "2020.04.28"]
[Round "6"]
[White "Barcelona_Guy"]
[Black "OparinGrigoriy"]
[Result "1/2-1/2"]
[WhiteElo "2731"]
[BlackElo "2911"]
[TimeControl "180+1"]
[EndTime "11:08:22 PDT"]
[Termination "Game drawn by repetition"]

1. e4 e5 2. Nf3 Nc6 3. Bb5 a6 4. Ba4 Nf6 5. O-O Nxe4 6. d4 b5 7. Bb3 d5 8. dxe5 Be6 9. Nbd2 Be7 10. c3 O-O 11. Bc2 f5 12. Nb3 Qd7 13. Nfd4 Nxd4 14. Nxd4 c5 15. Nxe6 Qxe6 16. f3 Ng5 17. Bxg5 Bxg5 18. f4 Be7 19. Qf3 Rad8 20. Rad1 g6 21. Kh1 Kg7 22. h3 h5 23. Rf2 Rd7 24. Rfd2 Rfd8 25. Qf2 h4 26. Bb3 c4 27. Bc2 Qc6 28. Re1 Qc5 29. Rd4 Qb6 30. Qf3 Qe6 31.
Red1 Bc5 32. R4d2 d4 33. cxd4 Bxd4 34. b3 c3 35. Rd3 b4 36. Qe2 a5 37. Qe1 Qe7 38.
Qe2 Bc5 39. Qf3 Kh6 40. Kh2 Rxd3 41. Rxd3 Rxd3 42. Qxd3 Bf2 43. Kh1 Bg3 44. Qd4 Qe6 45. Kg1 Qc6 46. Kf1 Qa6+ 47. Kg1 Qc8 48. Kf1 Qc6 49. Kg1 Kh7 50. Qa7+ Kh6 51. Qd4 Qe6 52.
Kf1 g5 53. fxg5+ Kxg5 54. Qd8+ Kf4 55. Qd4+ Kg5 56. Qd8+ Kg6 57. Qd6 Qxd6 58. exd6 Bxd6 59. Ke2 Kf6 60. Kf3 Ke5 61. Ke3 Be7 62. Kf3 Bg5 63. Ke2 Kf4 64. Kf2 Bf6 65. Bd3 Bd4+ 66. Ke2 Kg3 67.
Bxf5 Kxg2 68. Kd3 Be5 69. Kc2 Kf3 70. Bg4+ Ke3 71. Bc8 Kd4 72. Bg4 Bd6 73. Bf5 Kc5 74. Bg4 a4 75. bxa4 Kb6 76. Kb3 Ka5 77. Bf5 Bf4 78. Bg4 Bd2 79. Bf5 Be1 80. Bg4 Bd2 81. Bf5 Be1 82. Bg4 Bd2 1/2-1/2

[Event "*** Titled Tuesday Blitz"]
[Site "Chess.com"]
[Date "2020.04.28"]
[Round "6"]
[White "dzhumagaliev"]
[Black "thedjoker98"]
[Result "1-0"]
[WhiteElo "2735"]
[BlackElo "2508"]
[TimeControl "180+1"]
[EndTime "11:08:22 PDT"]
[Termination "dzhumagaliev won by checkmate"]

1. Nf3 d5 2. h4 c5 3. h5 Nc6 4. c3 h6 5. d4 cxd4 6. cxd4 Nf6 7. Nc3 Bf5 8. Bf4 e6 9. Qb3 Qb6 10. Qxb6 axb6 11. a3 Be7 12. e3 O-O 13. Rc1 Rfc8 14. Be2 Kf8 15. Nd2 Ke8 16. f3 Kd7 17. g4 Bh7 18.
Kf2 Ne8 19. Rhg1 f6 20. Bg3 Nd6 21. Nb5 Na5 22. Nxd6 Bxd6 23. Bb5+ Ke7 24. Bxd6+ Kxd6 25. f4 Rxc1 26. Rxc1 Nc6 27. Kg3 Rf8 28. Nf3 Be4 29.
Nd2 Bh7 30. Be2 Bg8 31. Bf3 e5 32. Nb3 Bh7 33. dxe5+ fxe5 34. f5 Bg8 35. Rd1 d4 36. Nc1 Bd5 37. Ne2 Bxf3 38. Kxf3 Kd5 39. Nc3+ Kc4 40.
Ne4 Kb3 41. Rd2 Rd8 42. exd4 Rxd4 43. Re2 Rd3+ 44. Kg2 Nd4 45. Rf2 Re3 46. Nd2+ Ka2 47. Nc4 Re2 48. Rxe2 Nxe2 49. Kf3 Nd4+ 50. Ke4 b5 51.
Nxe5 Ne2 52. Ke3 Nc1 53. g5 hxg5 54. f6 gxf6 55. h6 fxe5 56. h7 Kxb2 57. h8=Q Kxa3 58. Qxe5 b4 59. Qa1+ Na2 60. Kd3 b5 61. Kc2 b3+ 62.
Kb1 g4 63. Qd4 g3 64. Qc5+ Ka4 65. Kb2 b4 66. Qb6 g2 67. Qa6# 1-0

[Event "*** Titled Tuesday Blitz"]
[Site "Chess.com"]
[Date "2020.04.28"]
[Round "6"]
[White "DDTerziev04"]
[Black "Ranindu2003"]
[Result "1-0"]
[WhiteElo "2348"]
[BlackElo "2531"]
[TimeControl "180+1"]
[EndTime "11:08:23 PDT"]
[Termination "DDTerziev04 won by checkmate"]

1. e4 c5 2. Nf3 Nc6 3. Bb5 e6 4. O-O Nge7 5. Re1 Qb6 6. Bf1 d5 7. exd5 Nxd5 8. Nc3 Nxc3 9. bxc3 Be7 10. d4 O-O 11. Bd3 Rd8 12. Be3 cxd4 13. cxd4 Qa5 14. Bd2 Qh5 15. c3 Bf6 16. Qc2 Bd7 17. Rab1 Rac8 18.
Rb5 Nxd4 19. Rxh5 Nxc2 20. Bxh7+ Kf8 21. Bxc2 g6 22. Ra5 Bc6 23. Bh6+ Kg8 24. Nd4 Bd5 25. Bb3 Bxb3 26. axb3 Rxc3 27. Nf3 Rxb3 28. Rxa7 b5 29.
Bg5 Bxg5 30. Nxg5 Rf8 31. h4 b4 32. Ne4 Kg7 33. Nc5 Rb2 34. Nxe6+ Kg8 35. Nxf8 Kxf8 36.
Rb7 b3 37. Re3 Rb1+ 38. Kh2 Rf1 39. Rexb3 Rxf2 40. Rb8+ Kg7 41. R3b6 Rf4 42. g3 Rc4 43. Kg2 Rc2+ 44. Kf3 Rc3+ 45. Kg4 Rc4+ 46. Kh3 Rc3 47.
Rb3 Rc1 48. Rf3 Rh1+ 49. Kg2 Rc1 50. Rb7 g5 51. Rbxf7+ Kh6 52. hxg5+ Kxg5 53. R7f5+ Kg6 54. Kh3 Rh1+ 55. Kg4 Rc1 56. Rf6+ Kg7 57. Ra6 Rc4+ 58. Rf4 Rc3 59. Rb4 Rc7 60. Rbb6 Rc5 61. Rb7+ Kg8 62. Ra8+ Rc8 63. Rxc8# 1-0

[Event "*** Titled Tuesday Blitz"]
[Site "Chess.com"]
[Date "2020.04.28"]
[Round "6"]
[White "A-Fier"]
[Black "WoolworthsManly"]
[Result "1-0"]
[WhiteElo "2809"]
[BlackElo "2655"]
[TimeControl "180+1"]
[EndTime "11:08:24 PDT"]
[Termination "A-Fier won on time"]

1. e4 e5 2. Nf3 Nc6 3. Bb5 a6 4. Ba4 Nf6 5. O-O Be7 6. Re1 b5 7. Bb3 d6 8. a4 Bd7 9. c3 O-O 10. d4 h6 11. Nbd2 Re8 12. Nf1 Bf8 13. Ng3 Na5 14.
Bc2 c5 15. d5 c4 16. h3 Nb7 17. Be3 g6 18. Qd2 Kh7 19. b3 cxb3 20. Bxb3 Qc7 21. Rec1 Nc5 22. Bxc5 Qxc5 23. c4 bxa4 24. Bxa4 a5 25. Ne1 h5 26. Bxd7 Nxd7 27. Nd3 Qd4 28. Qc3 h4 29. Nf1 Qxe4 30. Nd2 Qf5 31. f3 a4 32. Ne4 Nf6 33. Ndf2 Nxe4 34. Nxe4 Qf4 35. c5 f5 36. Nf6+ Kh6 37. Nxe8 Rxe8 38. c6 e4 39. Qh8+ Kg5 40. fxe4 Rxe4 41. Qxf8 Re2 42. Kh1 Qe4 43. Rg1 Re3 44. Qxd6 Rxh3+ 45. Qh2 Rxh2+ 46. Kxh2 Qxd5 47. Rgc1 Qe5+ 48. Kg1 h3 49.
Ra3 hxg2 50. c7 Qd4+ 51. Kh2 Qf4+ 52. Rg3+ Kh4 53. Rc3 g1=Q+ 54. Kxg1 Qd4+ 55. Rge3 Qd1+ 56. Kf2 Qd2+ 57. Kf3 Qd5+ 58. Ke2 Qg2+ 59. Kd1 Qd5+ 60. Kc1 Qh1+ 61. Kb2 Qb7+ 62. Ka3 Qc8 63. Rc4+ Kg5 64. Re5 Kf6 65. Rb5 Qf8+ 66. Kxa4 Qa8+ 67. Kb4 Qf8+ 68. Rcc5 1-0

[Event "*** Titled Tuesday Blitz"]
[Site "Chess.com"]
[Date "2020.04.28"]
[Round "6"]
[White "johnathan113"]
[Black "Grandelicious"]
[Result "1-0"]
[WhiteElo "2651"]
[BlackElo "2759"]
[TimeControl "180+1"]
[EndTime "11:08:24 PDT"]
[Termination "johnathan113 won by resignation"]

1. d4 Nf6 2. Nc3 d5 3. Bf4 a6 4. e3 e6 5. Nf3 c5 6. a3 Nbd7 7. Ne5 Nxe5 8. Bxe5 Bd6 9. Bxd6 Qxd6 10. dxc5 Qxc5 11.
Qd4 Qc7 12. O-O-O O-O 13. f4 b5 14. g4 Rb8 15. g5 Nd7 16. h4 Qa5 17. Na2 Bb7 18. h5 Qb6 19. Bh3 Rfe8 20. Nc3 Rbc8 21. g6 fxg6 22. hxg6 h6 23. f5 Qxd4 24. exd4 exf5 25.
Bxf5 Rcd8 26. Rde1 Nf6 27. Be6+ Kf8 28. Bf7 Rxe1+ 29. Rxe1 Bc8 30. Re5 Bb7 31. Ne2 Rd7 32. Nf4 Rxf7 33. Ne6+ Ke7 34. Nc5+ Kf8 35. gxf7 Bc8 36.
a4 bxa4 37. Nxa4 h5 38. Nb6 Bg4 39. Nxd5 Nxd5 40. Rxd5 h4 41. Rg5 Bf3 42. Rf5 Bg2 43.
Rh5 h3 44. Kd2 Kxf7 45. Ke3 g6 46. Rh7+ Kg8 47. Rh4 g5 48. Rh5 Kf7 49. Kf2 Kg6 50. Rh8 Kf5 51. Kg3 Ke4 52. Rd8 g4 53. d5 Ke5 54. d6 Ke6 55. c4 Bc6 56. c5 Kd5 57. Rc8 Bb5 58. Rc7 a5 59. d7 Bxd7 60. Rxd7+ Kxc5 61. Rg7 Kb4 62. Rxg4+ Kb3 63. Kxh3 Kxb2 64.
Ra4 Kb3 65. Rxa5 1-0

[Event "*** Titled Tuesday Blitz"]
[Site "Chess.com"]
[Date "2020.04.28"]
[Round "6"]
[White "Nafania1"]
[Black "blobica"]
[Result "1-0"]
[WhiteElo "2392"]
[BlackElo "2543"]
[TimeControl "180+1"]
[EndTime "11:08:24 PDT"]
[Termination "Nafania1 won on time"]

1. e4 c6 2. d4 d5 3. exd5 cxd5 4.
Bd3 Nc6 5. c3 Nf6 6. h3 e6 7.
Bf4 a6 8. Nd2 Ne7 9. Ngf3 Ng6 10. Bh2 Bd6 11. Bxd6 Qxd6 12. O-O O-O 13. Re1 b5 14.
Ne5 Bb7 15. a3 Rac8 16. Qf3 Rc7 17. Re3 Rd8 18. Rae1 Qb6 19. g3 a5 20. h4 Nxe5 21. Rxe5 b4 22. axb4 axb4 23. Rg5 Kf8 24. h5 h6 25.
Rge5 bxc3 26. bxc3 Rxc3 27. Nb1 Rc7 28. Qf4 Rdc8 29. g4 Ne4 30. Nd2 Rc1 31. Rxc1 Rxc1+ 32. Kh2 Nxd2 33. Qxd2 Qxd4 34. Qxc1 Qxe5+ 35. Kg1 Qd6 36. Qb2 Qe7 37. Qe5 Qd8 38. f4 Qb6+ 39. Kf1 Ba6 40.
Bxa6 Qxa6+ 41. Kf2 Qb6+ 42. Kf3 f6 43. Qc3 Ke7 44. Qa3+ Qd6 45. Qa7+ Qd7 46. Qc5+ Kf7 47. Qd4 Qc7 48. f5 Qd7 49. fxe6+ Qxe6 50. Qa7+ Qe7 51. Qd4 Qd7 52. Kf4 Qd6+ 53. Kf3 Qe5 54. Qa7+ Kg8 55. Qa8+ Kh7 56. Qa3 Qe4+ 57. Kg3 d4 58. Qa7 d3 59. Qf2 Qd5 60. Qd2 Qd4 61. Kf3 Kg8 62. Qe3 Qd5+ 63. Kf2 1-0

[Event "*** Titled Tuesday Blitz"]
[Site "Chess.com"]
[Date "2020.04.28"]
[Round "6"]
[White "Casablanca"]
[Black "silverback96"]
[Result "1-0"]
[WhiteElo "2400"]
[BlackElo "2127"]
[TimeControl "180+1"]
[EndTime "11:08:24 PDT"]
[Termination "Casablanca won on time"]

1. d4 Nf6 2. Bg5 e6 3. Nd2 d5 4.
e3 Bd6 5. c3 O-O 6. Ngf3 c5 7.
Bd3 Qb6 8. Rb1 Nbd7 9. O-O h6 10. Bh4 Qc7 11. Re1 e5 12. dxe5 Nxe5 13. Nxe5 Bxe5 14. Bg3 Bg4 15. Qa4 Bxg3 16. hxg3 Rad8 17. Rbc1 Be6 18. Nf3 c4 19. Bb1 Ne4 20. Bxe4 dxe4 21. Nd4 Bg4 22. b3 Rd5 23. b4 a6 24. Qc2 Qd7 25.
a4 Rd8 26. Ra1 Rh5 27. Qxe4 Re8 28. Qf4 Bh3 29. gxh3 Qxh3 30. Qf3 Ree5 31. Qg2 Qg4 32. f3 Qd7 33. g4 Rh4 34. Nf5 Rxf5 35. gxf5 Qxf5 36.
Rad1 Rh5 37. f4 Rh4 38. Rd8+ Kh7 39. Rd5 Qe6 40. Re5 Qd7 41. Qe4+ g6 42. Qf3 Rg4+ 43. Kf2 Rh4 44. Qg3 Rh3 45. Qg2 Rh4 46. Rd5 Qe6 47. Re5 Qd7 48. Ke2 Qxa4 49. Rd1 Qc2+ 50.
Rd2 Qxc3 51. Qg3 Rh1 52. Qg2 Qc1 53. Kf3 Rf1+ 54. Ke4 Rg1 55. Qe2 f5+ 56. Kd5 Qa1 57. Ke6 Qa4 58. Rd7+ Qxd7+ 59. Kxd7 Kg7 60. Re7+ Kf8 61.
Qxc4 Rd1+ 62. Ke6 1-0

[Event "*** Titled Tuesday Blitz"]
[Site "Chess.com"]
[Date "2020.04.28"]
[Round "6"]
[White "Murad_Ibrahimli"]
[Black "verdest"]
[Result "1-0"]
[WhiteElo "2759"]
[BlackElo "2583"]
[TimeControl "180+1"]
[EndTime "11:08:26 PDT"]
[Termination "Murad_Ibrahimli won by resignation"]

1. d4 Nf6 2. c4 e6 3. Nf3 d5 4.
Nc3 Bb4 5. Bg5 h6 6. Bxf6 Qxf6 7. Qa4+ Nc6 8. e3 O-O 9. Rc1 Bd7 10. Qc2 dxc4 11.
Bxc4 Bd6 12. O-O e5 13. d5 Ne7 14. Nd2 Ng6 15. Bd3 Nh4 16. Nde4 Qe7 17. Ng3 f5 18. f3 Bc5 19. Nd1 Bb6 20. Kh1 Kh8 21. Re1 Rae8 22. a4 a5 23. Nc3 Qg5 24. e4 f4 25. Nf5 Bxf5 26. exf5 Nxf5 27. Bxf5 Qxf5 28. Ne4 Rd8 29. Rcd1 Rd7 30. Qb3 Rfd8 31. h3 Bd4 32. Qxb7 c5 33. Qb5 Rxd5 34. Qxa5 Rb8 35. Re2 Qd7 36.
Qe1 Qb7 37. Rdd2 Rdd8 38. Qc1 Qb4 39. Qc2 Be3 40. Rxd8+ Rxd8 41. Qc3 Qxc3 42. bxc3 Rd1+ 43. Kh2 Bg1+ 44. Kh1 Bf2+ 45. Kh2 Bg1+ 46. Kh1 Be3+ 47. Kh2 Ra1 48. h4 Rxa4 49. Kh3 Kg8 50. h5 Kf7 51.
Kg4 Ra3 52. Rb2 Ke6 53. c4 Ra1 54. Rb6+ Kf7 55. Kf5 Rg1 56. Rg6 Rxg2 57. Rxg2 Bd4 58. Nd6+ Ke7 59. Nb5 Kf7 60. Ke4 Kf6 61. Nxd4 cxd4 62.
Rg6+ 1-0

[Event "*** Titled Tuesday Blitz"]
[Site "Chess.com"]
[Date "2020.04.28"]
[Round "6"]
[White "vugarrasulov"]
[Black "Korchmar_Vasiliy"]
[Result "1-0"]
[WhiteElo "2770"]
[BlackElo "2629"]
[TimeControl "180+1"]
[EndTime "11:08:27 PDT"]
[Termination "vugarrasulov won by resignation"]

1. e4 c5 2. Nf3 d6 3. d4 cxd4 4. Nxd4 Nf6 5. Nc3 Nc6 6. Bg5 e6 7. Qd2 a6 8. O-O-O h6 9. Bf4 Bd7 10. Nb3 Ne5 11. Be3 Rc8 12. f4 Nc4 13. Bxc4 Rxc4 14.
e5 dxe5 15. fxe5 Ng4 16. Bb6 Qc8 17. Qe2 Bb4 18. h3 Nxe5 19. Qxe5 O-O 20. Kb1 Bxc3 21. bxc3 f6 22. Qd6 Bb5 23. Nd4 Kh8 24. Nxe6 Re8 25.
Nd4 Rxc3 26. Rhe1 Ba4 27. Rxe8+ Qxe8 28. Qd5 Qe7 29. Nb3 Rc8 30. Qf5 Re8 31. Bd4 Bc6 32. g4 Be4 33. Qf4 a5 34. h4 a4 35. Nc5 b6 36.
Qxe4 Qxe4 37. Nxe4 Rxe4 38. g5 hxg5 39. hxg5 fxg5 40.
Bxb6 Rb4+ 41. Kc1 Rxb6 42. Rg1 Rb5 43. Kd2 Kh7 44. Kd3 Kg6 45. c4 Rb2 46. c5 Rb8 47. Kc4 Kf5 48. c6 g4 49. Kc5 Kf4 50. c7 Rc8 51. Kc6 g3 52. Kd7 Rxc7+ 53. Kxc7 Kf3 54. Rf1+ Ke2 55. Rf7 g2 56. Rxg7 Kf2 57. Kb6 g1=Q 58.
Rxg1 Kxg1 59. Kb5 Kf2 60. Kxa4 Ke3 61. Kb5 Ke4 62. a4 1-0

[Event "*** Titled Tuesday Blitz"]
[Site "Chess.com"]
[Date "2020.04.28"]
[Round "6"]
[White "mirceaparligras"]
[Black "dpopadic"]
[Result "1-0"]
[WhiteElo "2671"]
[BlackElo "2350"]
[TimeControl "180+1"]
[EndTime "11:08:27 PDT"]
[Termination "mirceaparligras won by checkmate"]

1. d4 Nf6 2. c4 g6 3. Nc3 Bg7 4.
e4 d6 5. h3 O-O 6. Be3 e5 7. d5 a5 8. g4 Na6 9. Nge2 Nd7 10.
Ng3 Ndc5 11. h4 Re8 12. h5 c6 13. hxg6 hxg6 14. Be2 cxd5 15. cxd5 Bd7 16. Qd2 Rb8 17. Bh6 Bf6 18. Bb5 Bxb5 19. Nxb5 Nb4 20. Kf1 Qd7 21. Qe2 Nbd3 22. Nc3 Nf4 23. Qf3 Qe7 24.
Bxf4 exf4 25. Qxf4 Bg5 26. Qf3 b5 27. Re1 b4 28.
Nd1 Qe5 29. Kg2 Rbc8 30. Rh3 Qf6 31. Reh1 Qxf3+ 32. Kxf3 Bf6 33. b3 Nd3 34. Ne3 Bg7 35. g5 Rc3 36. Ne2 Rc7 37. Nc4 Ne5+ 38. Nxe5 Bxe5 39. Ke3 Rc2 40. f4 Bg7 41. Kd3 Rxa2 42. Nd4 Ra3 43. f5 gxf5 44. exf5 f6 45. g6 a4 46. Kc2 axb3+ 47. Nxb3 Rc8+ 48. Kb2 Rca8 49. Ra1 Rxa1 50. Nxa1 Ra5 51. Rd3 Bh6 52. Nc2 Bf4 53.
Nxb4 Be5+ 54. Kb3 Ra1 55. Rd2 Rf1 56. Rc2 Rxf5 57. Rc7 Rg5 58. Nc6 f5 59. Ne7+ Kf8 60.
Kc4 f4 61. Kd3 Bf6 62. Nc8 Rxd5+ 63. Ke4 Rd4+ 64. Kf5 Be5 65. Rf7+ Ke8 66. Ne7 f3 67. Nc6 Rf4+ 68. Ke6 Rxf7 69. gxf7+ Kf8 70. Ne7 f2 71. Ng6+ Kg7 72. f8=Q+ Kxg6 73. Qxf2 Kg5 74. Qf5+ Kh4 75. Kd5 Kg3 76. Ke4 Kg2 77. Qf3+ Kh2 78. Qg4 Kh1 79. Kf3 Bh2 80. Qg2# 1-0

[Event "*** Titled Tuesday Blitz"]
[Site "Chess.com"]
[Date "2020.04.28"]
[Round "6"]
[White "GodDMuhammad"]
[Black "maziarbagheri"]
[Result "0-1"]
[WhiteElo "2197"]
[BlackElo "2409"]
[TimeControl "180+1"]
[EndTime "11:08:29 PDT"]
[Termination "maziarbagheri won by resignation"]

1. e4 Nf6 2. e5 Nd5 3. d4 d6 4. c4 Nb6 5. f4 g6 6. Be3 Bg7 7. Nc3 O-O 8. Be2 Nc6 9. h4 h5 10.
Nf3 Bg4 11. d5 Na5 12. Qd4 c5 13. dxc6 Nxc6 14. Qd2 dxe5 15. Nxe5 Nxe5 16. Qxd8 Rfxd8 17. fxe5 Bxe2 18. Bxb6 axb6 19. Kxe2 Bxe5 20. Rh3 Kg7 21. Rd3 Rxd3 22. Kxd3 Rd8+ 23. Kc2 Rd4 24. Re1 f6 25. b3 Rxh4 26. Nd5 Kf7 27. Nxb6 Rh2 28. Re2 h4 29.
Kd3 h3 30. gxh3 Rxh3+ 31. Ke4 g5 32. Kd5 Rd3+ 33. Kc5 Bd4+ 34. Kb5 Bxb6 35. Kxb6 Rd7 36. a4 g4 37. b4 f5 38. c5 f4 39. Re4 e5 40. Rxe5 Kf6 41. Re1 f3 42. b5 g3 43.
Re3 f2 44. Rf3+ Ke5 45. c6 bxc6 46. bxc6 Rd1 47. c7 Rc1 48. Kb7 g2 49. Rxf2 g1=Q 50. Re2+ Kf6 51. Rb2 Qh1+ 52. Kb8 Qc6 53. Rb7 Qxa4 54.
c8=Q Rxc8+ 55. Kxc8 Qa6 56. Kc7 Qa5+ 57. Kc8 Ke6 58.
Kb8 Kd6 59. Rh7 Qb4+ 60. Rb7 Qa5 61. Rh7 Qb5+ 62. Rb7 Qe8+ 63. Ka7 Qe3+ 64. Kb8 Qc5 65. Rh7 Qb6+ 66. Rb7 Qd8+ 67. Ka7 Kc6 68. Rh7 Qb6+ 69. Ka8 Qa6+ 70. Kb8 Qb5+ 71. Ka8 Qa5+ 72. Kb8 Qb4+ 73. Ka8 Qa3+ 74. Kb8 Qb2+ 75. Kc8 Qd2 76. Rc7+ Kb6 77. Rb7+ Ka6 78. Rd7 Qf4 79. Kd8 Kb6 80. Ke8 Kc6 81.
Re7 Qf6 82. Ra7 Qh8+ 83. Ke7 Qh7+ 0-1

[Event "*** Titled Tuesday Blitz"]
[Site "Chess.com"]
[Date "2020.04.28"]
[Round "6"]
[White "XDPS"]
[Black "Barys1974"]
[Result "1-0"]
[WhiteElo "2777"]
[BlackElo "2632"]
[TimeControl "180+1"]
[EndTime "11:08:30 PDT"]
[Termination "XDPS won by checkmate"]

1. d4 Nf6 2. Nf3 d5 3. c4 e6 4. Nc3 Bb4 5. cxd5 exd5 6. Bg5 h6 7. Bh4 O-O 8. e3 Be6 9. Bd3 c5 10. O-O Nbd7 11. a3 Bxc3 12. bxc3 c4 13. Bc2 Qa5 14. Qd2 Ne4 15. Bxe4 dxe4 16. Ne1 Nb6 17. Nc2 Qh5 18. Bg3 Nd5 19. Nb4 b6 20. Rfb1 Rfd8 21. Nc6 Rdc8 22. Nb4 Rd8 23. a4 Rac8 24. a5 b5 25. a6 Nb6 26.
Ra5 Na4 27. Ra1 Nb6 28. Rb1 Bd7 29. Bd6 Be8 30. Bf4 Na4 31. Qc2 g5 32. Bg3 Qg6 33.
h4 Qe6 34. hxg5 hxg5 35. Ra1 f6 36. Qd2 Qb6 37. R5xa4 bxa4 38. Qe2 Kg7 39. Qg4 Bg6 40. Rxa4 Rh8 41. Qd7+ Bf7 42. Ra1 Rcd8 43. Qf5 Bg6 44.
Qg4 Rh7 45. f3 Re8 46. Kf2 Qe6 47. Qxe6 Rxe6 48. Ra5 Kh6 49. Rc5 exf3 50. gxf3 Rhe7 51. e4 g4 52. Bf4+ Kg7 53. Nd5 gxf3 54. Nxe7 Rxe7 55. e5 fxe5 56. Bxe5+ Kf7 57. Rxc4 Bd3 58. Rc6 Be2 59.
Rf6+ Ke8 60. Rc6 Kf7 61. c4 Re6 62. Rc7+ Kg6 63. c5 Rxa6 64. c6 Ra2 65. Rg7+ Kf5 66. c7 Ke4 67. Rg4+ Kf5 68. c8=Q# 1-0

[Event "*** Titled Tuesday Blitz"]
[Site "Chess.com"]
[Date "2020.04.28"]
[Round "6"]
[White "LuckSlayeer"]
[Black "Shield12"]
[Result "1-0"]
[WhiteElo "2532"]
[BlackElo "2822"]
[TimeControl "180+1"]
[EndTime "11:08:33 PDT"]
[Termination "LuckSlayeer won by resignation"]

1. e4 c5 2. Nf3 Nc6 3. d4 cxd4 4. Nxd4 Nf6 5. Nc3 d6 6. Bg5 e6 7. Qd2 a6 8. O-O-O Bd7 9. f4 b5 10. Kb1 b4 11. Nxc6 Bxc6 12. e5 dxe5 13. Qxd8+ Rxd8 14. Rxd8+ Kxd8 15. fxe5 h6 16. Bd2 bxc3 17. Bxc3 Ne4 18.
Ba5+ Kc8 19. Bxa6+ Bb7 20. Bb5 Be7 21. Rf1 f5 22. exf6 Nxf6 23. Bc4 Bd5 24. Ba6+ Kb8 25. Re1 Ka7 26. Bd3 Rb8 27. c4 Bxg2 28. Rxe6 Bb4 29. Bc7 Rb7 30. Be5 Nd7 31. Bxg7 Nc5 32. Bd4 Rd7 33.
Bxc5+ Bxc5 34. Be4 Bxe4+ 35. Rxe4 Rd2 36. Rh4 Bd4 37.
Kc1 Be3 38. Kb1 Kb6 39. b4 Bg5 40. Rh3 Rd4 41. Rc3 Rd1+ 42. Kc2 Rd2+ 43. Kb3 Rxh2 44. c5+ Kc6 45. a4 Bf6 46. b5+ Kd5 47. Rc1 Rb2+ 48. Ka3 Re2 49. Kb3 Re3+ 50. Kb4 Re4+ 51. Ka5 Re8 52. b6 Bd4 53. Kb5 h5 54. c6 h4 55. c7 h3 56. c8=Q Rxc8 57. Rxc8 h2 58. Rc1 Bg1 59. b7 h1=Q 60. b8=Q Ke6 61. Qc8+ Kf6 62.
Rc6+ Kg5 63. Qg8+ Kf4 64. Qf7+ Ke3 65. Qe6+ Kd3 66. Rd6+ Bd4 67. Qc4+ Ke3 68. Qxd4+ 1-0

[Event "*** Titled Tuesday Blitz"]
[Site "Chess.com"]
[Date "2020.04.28"]
[Round "6"]
[White "Sanan_Sjugirov"]
[Black "stanyga"]
[Result "1-0"]
[WhiteElo "2860"]
[BlackElo "2696"]
[TimeControl "180+1"]
[EndTime "11:08:37 PDT"]
[Termination "Sanan_Sjugirov won on time"]

1. e4 g6 2. d4 Bg7 3. Nf3 d6 4. c3 Nf6 5. Bd3 O-O 6. h3 e5 7. O-O d5 8. dxe5 Nxe4 9. Nbd2 Nc5 10. Bc2 Nc6 11. Re1 Re8 12. Nb3 Nxb3 13. Bxb3 Nxe5 14. Nxe5 Rxe5 15. Rxe5 Bxe5 16. Qxd5 Qxd5 17. Bxd5 c6 18. Bb3 Kg7 19. Be3 h5 20. Re1 Bf6 21. Bd4 Bxd4 22. cxd4 Be6 23. Bxe6 Re8 24. f4 Kf6 25. Kf2 Rxe6 26.
Rd1 h4 27. Kf3 Kf5 28. b4 Re4 29. d5 Rxf4+ 30. Ke3 Re4+ 31. Kf3 Rxb4 32. dxc6 bxc6 33. Rd7 Rf4+ 34. Ke3 Re4+ 35. Kf3 Ra4 36. Rxf7+ Kg5 37.
Rc7 Ra3+ 38. Ke4 Ra4+ 39. Kf3 Ra3+ 40. Ke4 Rxa2 41. Rxc6 Rxg2 42. Rc5+ Kh6 43. Kf4 Rg3 44.
Rc6 a5 45. Ra6 Ra3 46. Kg4 Ra4+ 47. Kf3 Kh5 48. Ra8 g5 49. Ra6 Ra3+ 50. Kg2 a4 51.
Rb6 Rb3 52. Ra6 Rg3+ 53. Kh2 Ra3 54. Kg2 Ra2+ 55. Kf3 Ra3+ 56. Kg2 Ra2+ 57. Kg1 Ra1+ 58. Kg2 a3 59. Kf3 Rh1 60. Kg2 Ra1 61. Kf2 a2 62.
Kg2 g4 63. Ra5+ Kg6 64. hxg4 h3+ 65. Kh2 1-0

[Event "*** Titled Tuesday Blitz"]
[Site "Chess.com"]
[Date "2020.04.28"]
[Round "6"]
[White "Jeffinho023"]
[Black "abhidabhi"]
[Result "0-1"]
[WhiteElo "2563"]
[BlackElo "2762"]
[TimeControl "180+1"]
[EndTime "11:08:37 PDT"]
[Termination "abhidabhi won by resignation"]

1. d4 Nf6 2. Nf3 g6 3. Bf4 Bg7 4.
e3 O-O 5. h3 d6 6. Bh2 Nfd7 7. Be2 e5 8. O-O Nc6 9. a4 a5 10. dxe5 Ndxe5 11. Nxe5 Nxe5 12. Nd2 Be6 13. c3 f5 14. Nf3 c6 15. Qc2 Nxf3+ 16. Bxf3 Be5 17.
Rad1 Qe7 18. Rd2 g5 19. Bxe5 dxe5 20. g3 f4 21. Bg2 f3 22. Bh1 Bxh3 23. Rfd1 e4 24.
Rd6 Bf5 25. Qb3+ Kg7 26. Qc4 Qe5 27. R1d4 Rf7 28. g4 Bxg4 29. Rxe4 Qxd6 30. Rxg4 h6 31. Rd4 Qf6 32. Qd3 Re8 33. Rd6 Re6 34. Rd8 g4 35. Rd4 h5 36. Rf4 Qe5 37. Rxf7+ Kxf7 38. Qh7+ Qg7 39. Qxh5+ Qg6 40. Qxa5 Qb1+ 41. Kh2 Qh7+ 42.
Kg1 Qb1+ 43. Kh2 g3+ 44. Kxg3 Qg1+ 45. Kf4 Qxh1 46. Qc7+ Re7 47. Qc8 Qh4+ 48. Kxf3 Qf6+ 49. Ke2 Qe6 50. Qh8 Qg4+ 51. Ke1 Qg6 52. a5 Qb1+ 53. Ke2 Qxb2+ 54. Kf3 Qc2 55. Qh5+ Qg6 56. Qc5 Qf6+ 57. Ke2 Qe5 58. Qc4+ Qd5 59. Qf4+ Ke6 60. Qg4+ Kd6 61.
Qg3+ Kc5 62. Qh4 Qc4+ 63. Qxc4+ Kxc4 64. f4 Kxc3 65. Kf3 Kd3 66. f5 Rxe3+ 67. Kf4 Kd4 68. a6 bxa6 0-1

[Event "*** Titled Tuesday Blitz"]
[Site "Chess.com"]
[Date "2020.04.28"]
[Round "6"]
[White "Morshynska"]
[Black "indfraeng"]
[Result "1/2-1/2"]
[WhiteElo "2089"]
[BlackElo "2269"]
[TimeControl "180+1"]
[EndTime "11:08:37 PDT"]
[Termination "Game drawn - insufficient material"]

1. e4 e5 2. Nf3 Nc6 3. Bc4 Bc5 4.
c3 Nf6 5. d3 h6 6. Be3 Bxe3 7.
fxe3 d5 8. exd5 Nxd5 9. Qe2 Be6 10. O-O O-O 11. Nbd2 Qe7 12. Rae1 f5 13. Qf2 Nf6 14.
Qh4 e4 15. Nd4 Nxd4 16. exd4 Bxc4 17. Nxc4 Qd7 18. Qh3 exd3 19. Rxf5 Rae8 20. Ne5 d2 21. Ref1 Qa4 22. Qd3 Qxa2 23. Qxd2 Qe6 24. h3 Qd6 25. g4 Ne4 26. Qg2 Ng5 27. h4 Nh7 28. g5 hxg5 29. hxg5 g6 30. Rxf8+ Rxf8 31. Rxf8+ Qxf8 32. Nxg6 Qg7 33. Ne5 Qxg5 34. Qxg5+ Nxg5 35. Kf2 Kf8 36. Ke3 Ke7 37.
c4 Kd6 38. Nd3 b6 39. b4 Ne6 40. b5 Nd8 41. Nb4 c5 42. Na6 cxd4+ 43. Kxd4 Ne6+ 44.
Ke4 Ng5+ 45. Kd4 Nf3+ 46. Ke4 Nd2+ 47. Kd4 Nf3+ 48. Ke4 Ng5+ 49. Kd4 Nh7 50. Ke4 Nf6+ 51. Kd4 Nd7 52. Kc3 Ke5 53. Nb4 Kd6 54. Nc6 Ne5 55. Nxa7 Kc5 56. Nc6 Nxc4 57. Na7 Nd6 58. Kb3 Nxb5 59. Nc8 Nd4+ 60. Kb2 b5 61. Na7 b4 62. Nc8 Nf5 63. Na7 Nd4 64. Nc8 Kc4 65. Nd6+ Kd5 66. Nb7 Kc6 67. Na5+ Kb5 68. Nb3 Nc6 69.
Nc1 Kc4 70. Na2 b3 71. Nc1 Nd4 72. Nxb3 1/2-1/2

[Event "*** Titled Tuesday Blitz"]
[Site "Chess.com"]
[Date "2020.04.28"]
[Round "6"]
[White "Gloomy_Wanderer"]
[Black "aNaartjieZA"]
[Result "1-0"]
[WhiteElo "2818"]
[BlackElo "2595"]
[TimeControl "180+1"]
[EndTime "11:08:39 PDT"]
[Termination "Gloomy_Wanderer won by resignation"]

1. d4 Nf6 2. Nf3 c5 3. d5 d6 4. Nc3 e5 5. e4 Be7 6. Bb5+ Nbd7 7. a4 a6 8. Be2 Nf8 9. Nd2 Ng6 10. g3 h5 11. h4 Bg4 12. Nc4 Bxe2 13. Qxe2 Nf8 14.
Bg5 N8d7 15. a5 Qc7 16. Na4 Ng8 17. Bd2 g6 18. O-O Nh6 19. f3 f6 20. c3 Nf7 21. b4 cxb4 22. cxb4 g5 23. Rac1 Qd8 24. Ncb6 Nxb6 25. Nxb6 Rb8 26. Qd1 Kf8 27. Kh2 f5 28.
exf5 gxh4 29. g4 Bg5 30. Rc2 hxg4 31. fxg4 Rg8 32. Bxg5 Qxg5 33. Nd7+ Kg7 34. f6+ Kh8 35. Nxb8 Rxb8 36. Rf5 Qe3 37. Qf3 Qxf3 38. Rxf3 Kh7 39. Rc7 Kg6 40. Kg2 b6 41. Rc6 bxa5 42. bxa5 Rb2+ 43. Rf2 h3+ 44. Kg3 Rb3+ 45. Kh2 e4 46. Rxa6 e3 47. Re2 Kxf6 48. Kxh3 Ke5 49. Rb6 Ra3 50.
a6 Ng5+ 51. Kg2 Ne4 52. Rb8 Rxa6 53. Rxe3 Kd4 54. Re2 Kxd5 55. Rf8 Nc5 56. Rf5+ Kc6 57. g5 Ra7 58. g6 Rg7 59. Rg5 Kd7 60. Kg3 Ne6 61.
Rg4 Nf8 62. Rf2 Ke7 63. Re4+ Ne6 64. Rg4 Nf8 65. Kh4 Rxg6 66. Rxg6 Nxg6+ 67. Kg5 Ne5 68. Kf5 Nc4 69. Re2+ Ne5 70. Rh2 Kd7 71. Ke4 Kc6 72. Rc2+ Kd7 73. Kd5 Ng4 74. Ra2 Nf6+ 75. Kd4 Ke6 76.
Re2+ Kd7 77. Rf2 Ke6 78. Rf3 Kd7 79. Rxf6 1-0